General information
- name: BNet
- type: Ladder 1vs1/FFA
- host: Battle.net
- saver: ROTS19
map: TidewaterGlades
- players: 2
- length: 20:12
- speed: Fast
- version: 1.26 W3XP
- replay type: Public
» download(60 KB)
Players
team 1 (winner)

»
ROTS19 (
green | 78 APM | 1583 actions | 20:12)
5 Death Knight
3 Death Coil
2 Unholy Aura
3 Lich
2 Frost Nova
1 Dark Ritual
» actions
| Assign group hotkey | 39 | |
| Basic commands | 28 | |
| Build / train | 71 | |
| ESC pressed | 1 | |
| Enter build submenu | 21 | |
| Enter hero's abilities submenu | 8 | |
| Give item / drop item | 5 | |
| Right click | 670 | |
| Select / deselect | 392 | |
| Select group hotkey | 289 | |
| Use ability | 58 | |
1583 total
» units
| Acolyte | 9 | |
| Ghoul | 21 | |
| Obsidian Statue | 1 | |
| Gargoyle | 3 | |
34 total
» upgrades
| Unholy Strength | 3 | |
| Unholy Armor | 3 | |
| Ghoul Frenzy | 1 | |
| Creature Attack | 2 | |
| Creature Carapace | 2 | |
| Stone Form | 1 | |
| Destroyer Form | 1 | |
13 total
» buildings
| Altar of Darkness | 1 | |
| Crypt | 2 | |
| Ziggurat | 7 | |
| Tomb of Relics | 1 | |
| Nerubian Tower | 2 | |
| Graveyard | 1 | |
| Halls of the Dead | 1 | |
| Spirit Tower | 3 | |
| Black Citadel | 1 | |
| Sacrificial Pit | 1 | |
| Slaughterhouse | 1 | |
| Necropolis | 1 | |
22 total
» build order
00:25 Altar of Darkness
00:27 Crypt
00:50 Ziggurat
01:11 Tomb of Relics
02:06 Nerubian Tower
02:18 Ziggurat
02:54 Graveyard
03:46 Crypt
04:57 Halls of the Dead
05:51 Ziggurat
05:52 Spirit Tower
07:02 Ziggurat
09:00 Black Citadel
12:24 Sacrificial Pit
13:13 Spirit Tower
14:42 Slaughterhouse
15:56 Ziggurat
15:57 Ziggurat
17:35 Ziggurat
17:39 Necropolis
20:11 Nerubian Tower
20:12 Spirit Tower
» items
| Rod of Necromancy | 1 | |
| Dust of Appearance | 1 | |
| Potion of Healing | 4 | |
| Orb of Corruption | 1 | |
7 total
team 2 (loser)

»
fiffi (
pink | 47 APM | 941 actions | 20:11)
4 Death Knight
2 Death Coil
2 Death Pact
» actions
| Assign group hotkey | 4 | |
| Basic commands | 9 | |
| Build / train | 55 | |
| Enter build submenu | 26 | |
| Enter hero's abilities submenu | 4 | |
| Right click | 419 | |
| Select / deselect | 302 | |
| Select group hotkey | 72 | |
| Use ability | 50 | |
941 total
» units
| Acolyte | 9 | |
| Ghoul | 7 | |
| Crypt Fiend | 8 | |
| Necromancer | 6 | |
| Obsidian Statue | 1 | |
| Meatwagon | 1 | |
32 total
» upgrades
| Creature Attack | 2 | |
| Creature Carapace | 2 | |
| Unholy Strength | 1 | |
| Exhume Corpses | 1 | |
| Web | 1 | |
| Disease Cloud | 1 | |
| Necromancer Training | 2 | |
| Banshee Training | 1 | |
11 total
» buildings
| Crypt | 2 | |
| Altar of Darkness | 1 | |
| Graveyard | 2 | |
| Ziggurat | 13 | |
| Halls of the Dead | 1 | |
| Black Citadel | 1 | |
| Tomb of Relics | 1 | |
| Sacrificial Pit | 1 | |
| Nerubian Tower | 2 | |
| Spirit Tower | 1 | |
| Temple of the Damned | 2 | |
| Slaughterhouse | 2 | |
29 total
» build order
00:12 Crypt
00:50 Crypt
01:07 Altar of Darkness
01:41 Graveyard
02:49 Ziggurat
02:54 Ziggurat
02:58 Ziggurat
05:01 Halls of the Dead
09:53 Black Citadel
10:07 Graveyard
10:13 Tomb of Relics
10:16 Sacrificial Pit
10:20 Ziggurat
10:24 Ziggurat
10:27 Ziggurat
10:31 Ziggurat
11:14 Ziggurat
11:17 Ziggurat
11:50 Nerubian Tower
12:09 Spirit Tower
12:20 Temple of the Damned
12:26 Slaughterhouse
12:33 Slaughterhouse
13:08 Temple of the Damned
19:23 Ziggurat
19:26 Ziggurat
19:29 Ziggurat
19:32 Ziggurat
» items
Chat log
(00:06 / All) ROTS19: damn
(00:09 / All) ROTS19: How long had the game been gonig?
(00:18 / All) fiffi: just started
(00:20 / All) ROTS19: ok whew
(00:33 / All) ROTS19: Had problems getting back into the window
(00:33 / All) fiffi: just right when you wrote that
(00:42 / All) fiffi: gl hf
(00:45 / All) ROTS19: yeah gl
(01:00 / All) ROTS19: This a two player map?
(01:02 / All) ROTS19: I don't recognize it
(01:22 / All) fiffi: it's a 4 player map, but comes up a lot on 2 player games
(01:29 / All) ROTS19: ah
(09:39 / All) ROTS19: damn
(09:41 / All) ROTS19: really botched that